 Dungeon Crawl Stone Soup version 0.16.1-2-g95b8d4c (webtiles) character file.

188 valak23 the Chopper (level 5, 0/42 HPs)
             Began as a Demonspawn Chaos Knight on Mar 24, 2015.
             Slain by a big kobold
             ... wielding a +0 short sword
              (1 damage)
             ... on level 3 of the Dungeon.
             The game lasted 00:04:45 (1665 turns).

valak23 the Chopper (Demonspawn Chaos Knight)       Turns: 1665, Time: 00:04:45

Health: 0/42       AC:  7    Str: 12 (13) XL:     5   Next: 39%
Magic:  5/5        EV: 12    Int: 13      God:    Xom [...*..]
Gold:   107        SH:  0    Dex: 13      Spells: 0 memorised, 4 levels left

rFire  . . .     SeeInvis .     a - +1 hand axe (chaos)
rCold  . . .     Clarity  .     b - +3 leather armour
rNeg   . . .     SustAb   .     (no shield)
rPois  .         Gourm    .     (helmet restricted)
rElec  .         Spirit   .     (no cloak)
rCorr  .         Warding  .     i - +0 pair of gloves
rMut   .         Stasis   .     (no boots)
MR     .....                    (no amulet)
Stlth  +.........               (no ring)
                                (no ring)

@: not resistant to hostile enchantments, very unstealthy
A: antennae 1, powered by pain 1
a: Renounce Religion


You were on level 3 of the Dungeon.
You worshipped Xom.
You were a favourite toy of Xom.
You were not hungry.

You visited 1 branch of the dungeon, and saw 3 of its levels.

You collected 107 gold pieces.

Inventory:

Hand weapons
 a - a +1 hand axe of chaos (weapon)
Armour
 b - a +3 leather armour (worn)
 i - a +0 pair of gloves (worn)
 p - a +1 helmet
Jewellery
 n - an uncursed ring of wizardry {unknown}
Scrolls
 e - a scroll of enchant armour
 h - 2 scrolls of amnesia
 m - a scroll of identify
Potions
 k - a potion of cure mutation
Comestibles
 c - 3 bread rations
 d - 4 fruits
 o - a meat ration


   Skills:
 + Level 3.8 Fighting
 * Level 4.1 Axes
 + Level 2.1 Armour
 + Level 2.4 Dodging
 + Level 0.8 Stealth


You had 4 spell levels left.
You didn't know any spells.

Dungeon Overview and Level Annotations

Branches:
Dungeon (3/15)

Altars:
Elyvilon
Trog
Yredelemnul


Innate Abilities, Weirdness & Mutations

You have a pair of small antennae on your head.
You sometimes gain a little power by taking damage.


Message History

The big kobold hits you but does no damage.
You closely miss the big kobold.
The big kobold is almost dead.
You barely miss the kobold. The kobold hits you with a club.
* * * LOW HITPOINT WARNING * * *
The big kobold hits you with a short sword.
* * * LOW HITPOINT WARNING * * *
You hit the big kobold.
The big kobold flickers and vanishes!
Deactivating autopickup; reactivate with Ctrl-A.
You hit the kobold.
The kobold seems to speed up.
The kobold is heavily wounded.
The kobold misses you. Something hits you but does no damage.
You hit the kobold.
You kill the kobold!
You closely miss something. "Take this instrument of something!"
Something appears at your feet! Something hits you.
You die...
Xom yawns loudly!

.....####..........##.#.#
.. .....#
#.###.#######.#.. ..)..#
#.# .#######.#### .....#
#.###.##.......# .#####
#.....##.####..# .#
##...###.####..########
.# #..K...K...#..........
## #######.##.##.########
####.<.)@{..##.#
#.......>......#
#.##.##........# #
##)#..#..# ##.###.#..#..#
#.......#.#..#
####.####.###...#
#........## ##..#
#.......#.###...#


You could see a kobold.

Vanquished Creatures
  A big kobold (D:3)
  An iguana (shapeshifter) (D:2)
  4 adders
  2 worms (D:2)
  A giant gecko (D:1)
  2 oozes
  7 bats
  2 giant cockroaches
  5 goblins
  4 hobgoblins (D:1)
  2 quokkas
  A ball python (D:2)
  4 giant newts
  19 kobolds
  4 rats
59 creatures vanquished.

Vanquished Creatures (collateral kills)
  5 kobolds (D:3)
5 creatures vanquished.

Vanquished Creatures (others)
  An adder zombie (D:3)
  A hobgoblin (D:1)
2 creatures vanquished.

Grand Total: 66 creatures vanquished

Notes
Turn   | Place    | Note
--------------------------------------------------------------
     0 | D:1      | valak23, the Demonspawn Chaos Knight, began the quest for the Orb.
     0 | D:1      | Reached XP level 1. HP: 18/18 MP: 1/1
   132 | D:1      | Gained mutation: You sometimes gain a little power by taking damage. [demonic ancestry]
   132 | D:1      | Reached XP level 2. HP: 17/24 MP: 2/2
   277 | D:1      | Reached skill level 1 in Dodging
   676 | D:2      | Reached XP level 3. HP: 22/29 MP: 3/3
  1029 | D:2      | XOM: divination: detect items
  1120 | D:2      | Gained mutation: You have a pair of small antennae on your head. [demonic ancestry]
  1120 | D:2      | Reached XP level 4. HP: 27/37 MP: 4/4
  1127 | D:2      | XOM: potion effect (curing)
  1139 | D:2      | Found a basalt altar of Yredelemnul.
  1385 | D:3      | XOM: noise
  1449 | D:3      | Found a bloodstained altar of Trog.
  1449 | D:3      | Found a white marble altar of Elyvilon.
  1499 | D:3      | XOM: silly message
  1563 | D:3      | Noticed a big kobold
  1563 | D:3      | Noticed a big kobold
  1587 | D:3      | XOM: noise
  1604 | D:3      | Killed a big kobold
  1604 | D:3      | Reached skill level 4 in Axes
  1604 | D:3      | Reached XP level 5. HP: 10/42 MP: 5/5
  1619 | D:3      | HP: 1/42 [big kobold/short sword (5)]
  1636 | D:3      | XOM: chaos upgrade
  1663 | D:3      | HP: 1/42 [big kobold/short sword (2)]
  1665 | D:3      | XOM: god gift: 5 large rocks
  1665 | D:3      | Slain by a big kobold

Action                   |  1- 3 |  4- 6 || total
-------------------------+-------+-------++-------
Melee: Hand axe          |    92 |    96 ||   188
  Use: Potion            |     7 |     1 ||     8
       Scroll            |     2 |     4 ||     6
 Stab: Paralysed         |     2 |       ||     2
  Eat: Bread ration      |       |     1 ||     1
